| TOP OF THE 1ST |
|
Kansas City Royals batting - Pitching for Toronto Blue Jays : RHP Matt Altieri
|
|
Pitching: RHP Matt Altieri
|
|
|
Batting: SHB Jose Pacheco
|
0-0: Ball 1-0: Ball 2-0: Called Strike 2-1: Foul Ball, location: 2F 2-2: TRIPLE (Line Drive, 89XD, EV 107.5 MPH)
|
|
Batting: RHB Matt Belgard
|
0-0: Called Strike 0-1: Ball 1-1: Ball 2-1: Foul Ball, location: 2F 2-2: Foul Ball, location: 2F 2-2: Ball 3-2: Strikes out swinging
|
|
Batting: LHB Mike Meyerhoff
|
0-0: Ball 1-0: 2-RUN HOME RUN (Flyball, 9LD, EV 102.5 MPH), Distance : 371 ft
|
|
Batting: RHB Mike Jaquez
|
0-0: Called Strike 0-1: Ball 1-1: Fly out, F7 (Line Drive, 78D, EV 90.0 MPH)
|
|
Batting: LHB Roman Downey
|
0-0: Foul Ball, location: 2F 0-1: Ball 1-1: Fly out, F5 (Popup, 25F, EV 86.9 MPH)
|
| Top of the 1st over - 2 runs, 2 hits, 0 errors, 0 left on base; Kansas City 2 - Toronto 0 |
| BOTTOM OF THE 1ST |
|
Toronto Blue Jays batting - Pitching for Kansas City Royals : RHP Skyler Webster
|
|
Pitching: RHP Skyler Webster
|
|
|
Batting: RHB Donny Burnside
|
0-0: Called Strike 0-1: Ball 1-1: Ground out 4-3 (Groundball, 4, EV 103.8 MPH)
|
|
Batting: SHB Zory Larikov
|
0-0: Called Strike 0-1: Ball 1-1: Ground out 4-3 (Groundball, 4, EV 100.6 MPH)
|
|
Batting: RHB Danny Burnside
|
0-0: Ball 1-0: Ball 2-0: Ball 3-0: Ground out 4-3 (Groundball, 4M, EV 105.0 MPH)
|
| Bottom of the 1st over - 0 runs, 0 hits, 0 errors, 0 left on base; Kansas City 2 - Toronto 0 |
| TOP OF THE 2ND |
|
Kansas City Royals batting - Pitching for Toronto Blue Jays : RHP Matt Altieri
|
|
Batting: SHB Gil Switzer
|
0-0: Called Strike 0-1: Ball 1-1: Ball 2-1: SINGLE (Line Drive, 89M, EV 111.2 MPH)
|
|
Batting: LHB Pete Hansel
|
0-0: Called Strike 0-1: Foul Ball, location: 2F 0-2: SINGLE (Groundball, 6S, EV 63.8 MPH) (infield hit) Gil Switzer to second
|
|
Batting: RHB Mikolas Markus
|
0-0: Called Strike 0-1: Grounds into double play, 5-4-3 (Groundball, 5, EV 103.1 MPH) Gil Switzer to third
|
|
Batting: LHB Manny Estrada
|
0-0: Ball 1-0: Ball 2-0: Called Strike 2-1: Fly out, F5 (Popup, 5L, EV 75.0 MPH)
|
| Top of the 2nd over - 0 runs, 2 hits, 0 errors, 1 left on base; Kansas City 2 - Toronto 0 |
| BOTTOM OF THE 2ND |
|
Toronto Blue Jays batting - Pitching for Kansas City Royals : RHP Skyler Webster
|
|
Batting: LHB Willis Robles
|
0-0: Foul Ball, location: 2F 0-1: Ball 1-1: Ball 2-1: Ball 3-1: Swinging Strike 3-2: Strikes out swinging
|
|
Batting: RHB C.J. Richerson
|
0-0: Ball 1-0: Called Strike 1-1: Ball 2-1: Ball 3-1: Base on Balls
|
|
Batting: LHB Nate Dean
|
0-0: Called Strike C.J. Richerson steals 2nd base 0-1: TRIPLE (Line Drive, 89XD, EV 101.2 MPH) C.J. Richerson scores
|
|
Batting: RHB Kirk Arp
|
0-0: Fly out, F8 (Flyball, 8RD, EV 108.8 MPH) Runner from 3rd tags up, SCORES, throw by CF
|
|
Batting: LHB Michael Byrd
|
0-0: Ball 1-0: Ball 2-0: Ball 3-0: Called Strike 3-1: Called Strike 3-2: Ground out 6-3 (Groundball, 4MD, EV 89.4 MPH)
|
| Bottom of the 2nd over - 2 runs, 1 hit, 0 errors, 0 left on base; Kansas City 2 - Toronto 2 |
| TOP OF THE 3RD |
|
Kansas City Royals batting - Pitching for Toronto Blue Jays : RHP Matt Altieri
|
|
Batting: SHB Jose Pacheco
|
0-0: Ball 1-0: Called Strike 1-1: Foul Ball, location: 2F 1-2: Strikes out swinging
|
|
Batting: RHB Matt Belgard
|
0-0: Foul Ball, location: 2F 0-1: Ball 1-1: Ball 2-1: Called Strike 2-2: DOUBLE (Line Drive, 7LM, EV 106.9 MPH)
|
|
Batting: LHB Mike Meyerhoff
|
0-0: Called Strike 0-1: Ball 1-1: Fly out, F8 (Line Drive, 8LM, EV 88.1 MPH)
|
|
Batting: RHB Mike Jaquez
|
0-0: Foul Ball, location: 2F 0-1: Ground out 4-3 (Groundball, 4, EV 88.1 MPH)
|
| Top of the 3rd over - 0 runs, 1 hit, 0 errors, 1 left on base; Kansas City 2 - Toronto 2 |
| BOTTOM OF THE 3RD |
|
Toronto Blue Jays batting - Pitching for Kansas City Royals : RHP Skyler Webster
|
|
Batting: LHB Jon Schick
|
0-0: Foul Ball, location: 2F 0-1: Ball 1-1: Called Strike 1-2: Ball 2-2: Ground out 1-3 (Groundball, 34S, EV 70.0 MPH)
|
|
Batting: RHB Donny Burnside
|
0-0: Ball 1-0: Fly out, F6 (Line Drive, 56, EV 68.8 MPH)
|
|
Batting: SHB Zory Larikov
|
0-0: Ball 1-0: Called Strike 1-1: Ball 2-1: Foul Ball, location: 2F 2-2: Foul Ball, location: 2F 2-2: Ball 3-2: Foul Ball, location: 2F 3-2: Fly out, F8 (Line Drive, 78M, EV 92.5 MPH)
|
| Bottom of the 3rd over - 0 runs, 0 hits, 0 errors, 0 left on base; Kansas City 2 - Toronto 2 |
| TOP OF THE 4TH |
|
Kansas City Royals batting - Pitching for Toronto Blue Jays : RHP Matt Altieri
|
|
Batting: LHB Roman Downey
|
0-0: Called Strike 0-1: Called Strike 0-2: Ball 1-2: Ground out U3 (Groundball, 3L, EV 85.6 MPH)
|
|
Batting: SHB Gil Switzer
|
0-0: Foul Ball, location: 2F 0-1: Ball 1-1: SINGLE (Groundball, 6MS, EV 72.5 MPH) (infield hit)
|
|
Batting: LHB Pete Hansel
|
0-0: Swinging Strike 0-1: Ball 1-1: Foul Ball, location: 2F 1-2: Foul Ball, location: 2F 1-2: Foul Ball, location: 2F 1-2: Strikes out swinging
|
|
Batting: RHB Mikolas Markus
|
0-0: Ball 1-0: Swinging Strike 1-1: Ball 2-1: Foul Ball, location: 2F 2-2: Ball 3-2: SINGLE (Line Drive, 7S, EV 105.0 MPH) Gil Switzer to second Gil Switzer to third
|
|
Batting: LHB Manny Estrada
|
0-0: Foul Ball, location: 2F 0-1: Foul Ball, location: 2F 0-2: Strikes out swinging
|
| Top of the 4th over - 0 runs, 2 hits, 0 errors, 2 left on base; Kansas City 2 - Toronto 2 |
| BOTTOM OF THE 4TH |
|
Toronto Blue Jays batting - Pitching for Kansas City Royals : RHP Skyler Webster
|
|
Batting: RHB Danny Burnside
|
0-0: Ground out 3-1 (Groundball, 34, EV 91.9 MPH)
|
|
Batting: LHB Willis Robles
|
0-0: Called Strike 0-1: Ball 1-1: Called Strike 1-2: SINGLE (Groundball, 4MD, EV 103.1 MPH)
|
|
Batting: RHB C.J. Richerson
|
0-0: Foul Ball, location: 2F 0-1: Foul Ball, location: 2F 0-2: Ball 1-2: Fly out, F9 (Flyball, 9LS, EV 90.6 MPH)
|
|
Batting: LHB Nate Dean
|
0-0: Called Strike 0-1: Swinging Strike 0-2: Strikes out looking
|
| Bottom of the 4th over - 0 runs, 1 hit, 0 errors, 1 left on base; Kansas City 2 - Toronto 2 |
| TOP OF THE 5TH |
|
Kansas City Royals batting - Pitching for Toronto Blue Jays : RHP Matt Altieri
|
|
Batting: SHB Jose Pacheco
|
0-0: Ball 1-0: Ball 2-0: Ball 3-0: Foul Ball, location: 2F 3-1: Base on Balls
|
|
Batting: RHB Matt Belgard
|
0-0: Called Strike 0-1: Ball 1-1: Ball 2-1: Ball Jose Pacheco is caught stealing 2nd base 2-4 3-1: Fly out, F7 (Flyball, 7S, EV 94.4 MPH)
|
|
Batting: LHB Mike Meyerhoff
|
0-0: Called Strike 0-1: Called Strike 0-2: Ball 1-2: Strikes out looking
|
| Top of the 5th over - 0 runs, 0 hits, 0 errors, 0 left on base; Kansas City 2 - Toronto 2 |
| BOTTOM OF THE 5TH |
|
Toronto Blue Jays batting - Pitching for Kansas City Royals : RHP Skyler Webster
|
|
Batting: RHB Kirk Arp
|
0-0: Ball 1-0: Ground out 6-3 (Groundball, 6, EV 105.6 MPH)
|
|
Batting: LHB Michael Byrd
|
0-0: Fly out, F9 (Flyball, 9, EV 97.5 MPH)
|
|
Batting: LHB Jon Schick
|
0-0: Called Strike 0-1: Ground out 4-3 (Groundball, 4, EV 77.5 MPH)
|
| Bottom of the 5th over - 0 runs, 0 hits, 0 errors, 0 left on base; Kansas City 2 - Toronto 2 |
| TOP OF THE 6TH |
|
Kansas City Royals batting - Pitching for Toronto Blue Jays : RHP Matt Altieri
|
|
Batting: RHB Mike Jaquez
|
0-0: Swinging Strike 0-1: Swinging Strike 0-2: Strikes out swinging
|
|
Batting: LHB Roman Downey
|
0-0: Called Strike 0-1: Ball 1-1: Fly out, F9 (Line Drive, 9D, EV 102.5 MPH)
|
|
Batting: SHB Gil Switzer
|
0-0: Called Strike 0-1: Fly out, F7 (Flyball, 7, EV 86.9 MPH)
|
| Top of the 6th over - 0 runs, 0 hits, 0 errors, 0 left on base; Kansas City 2 - Toronto 2 |
| BOTTOM OF THE 6TH |
|
Toronto Blue Jays batting - Pitching for Kansas City Royals : RHP Skyler Webster
|
|
Batting: RHB Donny Burnside
|
0-0: Foul Ball, location: 2F 0-1: Ball 1-1: Ball 2-1: Ball 3-1: Called Strike 3-2: Foul Ball, location: 2F 3-2: Strikes out swinging
|
|
Batting: SHB Zory Larikov
|
0-0: Ball 1-0: Swinging Strike 1-1: Foul Ball, location: 2F 1-2: SINGLE (Flyball, 8LS, EV 96.2 MPH)
|
|
Batting: RHB Danny Burnside
|
0-0: Ball 1-0: Called Strike 1-1: Called Strike 1-2: Ball 2-2: Ball 3-2: SINGLE (Groundball, 6S, EV 64.4 MPH) (infield hit) Zory Larikov to second
|
|
Pitching: RHP Elijah Lewis
|
|
|
Batting: LHB Willis Robles
|
0-0: Swinging Strike 0-1: Grounds into double play, 4-6-3 (Groundball, 4, EV 86.9 MPH)
|
| Bottom of the 6th over - 0 runs, 2 hits, 0 errors, 1 left on base; Kansas City 2 - Toronto 2 |
| TOP OF THE 7TH |
|
Kansas City Royals batting - Pitching for Toronto Blue Jays : RHP Matt Altieri
|
|
Batting: LHB Pete Hansel
|
0-0: Called Strike 0-1: Fly out, F9 (Flyball, 9S, EV 75.6 MPH)
|
|
Batting: RHB Mikolas Markus
|
0-0: Called Strike 0-1: Ground out 6-3 (Groundball, 6S, EV 79.4 MPH)
|
|
Batting: LHB Manny Estrada
|
0-0: Ball 1-0: Fly out, F9 (Flyball, 9S, EV 88.8 MPH)
|
| Top of the 7th over - 0 runs, 0 hits, 0 errors, 0 left on base; Kansas City 2 - Toronto 2 |
| BOTTOM OF THE 7TH |
|
Toronto Blue Jays batting - Pitching for Kansas City Royals : RHP Elijah Lewis
|
|
Batting: RHB C.J. Richerson
|
0-0: Ball 1-0: Called Strike 1-1: Called Strike 1-2: Ground out 1-3 (Groundball, 13S, EV 66.9 MPH)
|
|
Batting: LHB Nate Dean
|
0-0: Foul Ball, location: 2F 0-1: Ball 1-1: Ball 2-1: Ball 3-1: Base on Balls
|
|
Batting: RHB Kirk Arp
|
0-0: Ball 1-0: Called Strike 1-1: Ball 2-1: Ball 3-1: Foul Ball, location: 2F 3-2: Base on Balls Nate Dean to second
|
|
Batting: LHB Michael Byrd
|
0-0: Ball 1-0: Swinging Strike 1-1: Ball 2-1: Foul Ball, location: 2F 2-2: Strikes out looking
|
|
Batting: LHB Jon Schick
|
0-0: Foul Ball, location: 2F 0-1: Foul Ball, location: 2F 0-2: Strikes out swinging
|
| Bottom of the 7th over - 0 runs, 0 hits, 0 errors, 2 left on base; Kansas City 2 - Toronto 2 |
| TOP OF THE 8TH |
|
Kansas City Royals batting - Pitching for Toronto Blue Jays : RHP Matt Altieri
|
|
Pitching: LHP Tim Franco
|
|
|
Batting: SHB Jose Pacheco
|
0-0: Ball 1-0: Ball 2-0: Ball 3-0: Base on Balls
|
|
Batting: RHB Matt Belgard
|
0-0: Ball 1-0: Foul Ball, location: 2F 1-1: Ball 2-1: Swinging Strike 2-2: Ball 3-2: Foul Ball, location: 2F 3-2: SINGLE (Groundball, 13, EV 83.8 MPH) (infield hit) Jose Pacheco to second
|
|
Batting: LHB Mike Meyerhoff
|
0-0: Ball 1-0: SINGLE (Flyball, 4D, EV 96.9 MPH) Jose Pacheco to third Matt Belgard to second
|
|
Batting: RHB Mike Jaquez
|
0-0: Ball 1-0: Ball 2-0: Grounds into fielders choice 5-2 (Groundball, 56S, EV 89.4 MPH) Matt Belgard to third Mike Meyerhoff to second
|
|
Batting: LHB Roman Downey
|
0-0: Called Strike 0-1: Swinging Strike 0-2: Strikes out looking
|
|
Batting: SHB Gil Switzer
|
0-0: Ball 1-0: Called Strike 1-1: Ball 2-1: Swinging Strike 2-2: Foul Ball, location: 2F 2-2: Fly out, F8 (Line Drive, 8LM, EV 93.8 MPH)
|
| Top of the 8th over - 0 runs, 2 hits, 0 errors, 3 left on base; Kansas City 2 - Toronto 2 |
| BOTTOM OF THE 8TH |
|
Toronto Blue Jays batting - Pitching for Kansas City Royals : RHP Elijah Lewis
|
|
Pitching: LHP Chris Eaker
|
|
|
Batting: RHB Donny Burnside
|
0-0: Ball 1-0: Ball 2-0: Called Strike 2-1: Ball 3-1: Base on Balls
|
|
Batting: SHB Zory Larikov
|
0-0: Ball 1-0: Foul Ball, location: 2F 1-1: Ball 2-1: Grounds into double play, 6-4-3 (Groundball, 6S, EV 92.5 MPH)
|
|
Batting: RHB Danny Burnside
|
0-0: Ball 1-0: Ball 2-0: Fly out, F8 (Flyball, 8LM, EV 86.2 MPH)
|
| Bottom of the 8th over - 0 runs, 0 hits, 0 errors, 0 left on base; Kansas City 2 - Toronto 2 |
| TOP OF THE 9TH |
|
Kansas City Royals batting - Pitching for Toronto Blue Jays : LHP Tim Franco
|
|
Pitching: RHP Hoof Harted
|
|
|
Batting: LHB Pete Hansel
|
0-0: Ball 1-0: Called Strike 1-1: Ball 2-1: Ball 3-1: Foul Ball, location: 2F 3-2: Strikes out swinging
|
|
Pinch Hitting: LHB Bill Baconneck
|
0-0: Ball 1-0: Foul Ball, location: 2F 1-1: Foul Ball, location: 2F 1-2: Ball 2-2: Strikes out swinging
|
|
Batting: LHB Manny Estrada
|
0-0: Ball 1-0: Foul Ball, location: 2F 1-1: Called Strike 1-2: Strikes out looking
|
| Top of the 9th over - 0 runs, 0 hits, 0 errors, 0 left on base; Kansas City 2 - Toronto 2 |
| BOTTOM OF THE 9TH |
|
Toronto Blue Jays batting - Pitching for Kansas City Royals : LHP Chris Eaker
|
|
Now at 2B: Imbart Faber
|
|
|
Now at 3B: Matt Belgard
|
|
|
Pinch Hitting: RHB Brock Van Gilder
|
0-0: Called Strike 0-1: Fly out, F7 (Line Drive, 7S, EV 91.2 MPH)
|
|
Batting: RHB C.J. Richerson
|
0-0: Fly out, F8 (Flyball, 8LD, EV 104.4 MPH)
|
|
Pinch Hitting: SHB Dylan Novakowski
|
0-0: Ball 1-0: Ball 2-0: Ball 3-0: Called Strike 3-1: Foul Ball, location: 2F 3-2: Strikes out swinging wild pitch, reaches first!
|
|
Batting: RHB Kirk Arp
|
0-0: Foul Ball, location: 2F 0-1: Ball 1-1: SINGLE (Line Drive, 9S, EV 96.9 MPH) Dylan Novakowski to second Runner from 2nd tries for 3rd, SAFE, throw by RF made to third
|
|
Batting: SHB Spencer Jones
|
0-0: Ball 1-0: Called Strike 1-1: Fly out, F7 (Flyball, 7S, EV 92.5 MPH)
|
| Bottom of the 9th over - 0 runs, 1 hit, 0 errors, 2 left on base; Kansas City 2 - Toronto 2 |
| TOP OF THE 10TH |
|
Kansas City Royals batting - Pitching for Toronto Blue Jays : RHP Hoof Harted
|
|
Now at SS: Brock Van Gilder
|
|
|
Now in LF: Donny Burnside
|
|
|
Now in CF: Dylan Novakowski
|
|
|
Batting: SHB Jose Pacheco
|
0-0: Called Strike 0-1: Foul Ball, location: 2F 0-2: Ball 1-2: Ball 2-2: Ball 3-2: Foul Ball, location: 2F 3-2: Foul Ball, location: 2F 3-2: Strikes out swinging
|
|
Batting: RHB Matt Belgard
|
0-0: Called Strike 0-1: Called Strike 0-2: Ball 1-2: Ball 2-2: Ball 3-2: Strikes out swinging
|
|
Batting: LHB Mike Meyerhoff
|
0-0: Ball 1-0: Swinging Strike 1-1: Ball 2-1: SOLO HOME RUN (Flyball, 9LD, EV 93.1 MPH), Distance : 334 ft
|
|
Batting: RHB Mike Jaquez
|
0-0: Ball 1-0: Swinging Strike 1-1: Swinging Strike 1-2: Ball 2-2: Fly out, F9 (Flyball, 9, EV 86.9 MPH)
|
| Top of the 10th over - 1 run, 1 hit, 0 errors, 0 left on base; Kansas City 3 - Toronto 2 |
| BOTTOM OF THE 10TH |
|
Toronto Blue Jays batting - Pitching for Kansas City Royals : LHP Chris Eaker
|
|
Pitching: RHP Asa Hahn
|
|
|
Batting: LHB Jon Schick
|
0-0: Called Strike 0-1: Ball 1-1: Ball 2-1: Foul Ball, location: 2F 2-2: Ground out U3 (Groundball, 3S, EV 92.5 MPH)
|
|
Batting: RHB Donny Burnside
|
0-0: Ball 1-0: Called Strike 1-1: Ground out 6-3 (Groundball, 6M, EV 86.9 MPH)
|
|
Batting: SHB Zory Larikov
|
0-0: Ground out 4-3 (Groundball, 34S, EV 86.2 MPH)
|
| Bottom of the 10th over - 0 runs, 0 hits, 0 errors, 0 left on base; Kansas City 3 - Toronto 2 |
|